 Dungeon Crawl Stone Soup version 0.22-a0-396-g3f858e3 (webtiles) character file.

247 Borgoz the Skirmisher (level 6, -4/39 HPs)
             Began as a Gargoyle Fighter on May 3, 2018.
             Slain by an orc warrior
             ... wielding a +0 war axe
              (18 damage)
             ... on level 4 of the Dungeon.
             The game lasted 00:04:59 (3297 turns).

Borgoz the Skirmisher (Gargoyle Fighter)            Turns: 3297, Time: 00:05:00

Health: -4/39      AC: 11    Str: 24    XL:     6   Next: 11%
Magic:  6/6        EV:  8    Int:  9    God:
Gold:   151        SH: 10    Dex: 11    Spells: 5/5 levels left

rFire    . . .     SeeInvis .   a - +0 flail
rCold    . . .     Gourm    .   c - +0 shield
rNeg     + . .     Faith    .   b - +0 scale mail
rPois    ∞         Spirit   .   (no helmet)
rElec    +         Reflect  .   (no cloak)
rCorr    .         Harm     .   (no gloves)
MR       .....                  (no boots)
Stlth    ..........             (no amulet)
HPRegen  0.13/turn              (no ring)
MPRegen  0.10/turn              (no ring)

@: mighty
A: negative energy resistance 1, electricity resistance, unbreathing,
petrification resistance, rot immunity, AC +4
a: no special abilities


You were on level 4 of the Dungeon.
You were not hungry.

You visited 1 branch of the dungeon, and saw 4 of its levels.

You collected 151 gold pieces.

Inventory:

Hand Weapons
 a - a +0 flail (weapon)
 r - a +0 whip of electrocution
Armour
 b - a +0 scale mail (worn)
 c - a +0 shield (worn)
Jewellery
 p - a cursed -2 ring of dexterity {unknown}
Scrolls
 e - 2 scrolls of random uselessness {unknown}
 g - a scroll of enchant armour {unknown}
 j - a scroll of remove curse {unknown}
 l - a scroll of identify
 o - 4 scrolls of teleportation {unknown}
Potions
 h - 2 potions of cancellation {unknown}
 i - a potion of haste
 k - 3 potions of curing {unknown}
 m - a potion of magic {unknown}
 q - a potion of degeneration {unknown}
Comestibles
 f - 6 rations


   Skills:
 * Level 4.7 Fighting
 * Level 3.7 Maces & Flails
 + Level 3.9 Armour
 + Level 1.5 Dodging
 + Level 4.1 Shields


You had 5 spell levels left.
You didn't know any spells.

Dungeon Overview and Level Annotations

Branches:
Dungeon (4/15)
 Temple: D:4-7

Altars:
Ashenzari
The Shining One


Innate Abilities, Weirdness & Mutations

You are resistant to torment.
Your stone body is resilient. (AC +4)
You are immune to poison.
You resist negative energy. (rN+)
You are resistant to electric shocks. (rElec)
You can survive without breathing.
You are immune to petrification.
You are immune to rotting.


Message History

Your experience leads to an increase in your attributes!
Your base attributes are Str 19, Int 9, Dex 10.
Increase (S)trength, (I)ntelligence, or (D)exterity?
You feel agile. You block the orc's attack.
The orc hits you but does no damage. x2
You hit the orc.
The orc is moderately wounded.
The orc barely misses you. The orc hits you but does no damage.
You bludgeon the orc!!
You kill the orc!
The orc warrior hits you but does no damage.
The orc hits you but does no damage.
Your shield and scale mail prevent you from hitting the orc.
The orc warrior hits you but does no damage.
You block the orc's attack.
You closely miss the orc warrior. You block the orc warrior's attack.
The orc hits you but does no damage.
You closely miss the orc warrior.
The orc warrior hits you with a war axe!!
You die...

.... .... .....
..... ......
########+#......
#..(....).......
#.......@o......
##........o####'#
#.<...(....#
#..........#
#.<........+
#..........#
#.....)....#
#..........#
...........#


You could see an orc warrior and an orc.

Vanquished Creatures
  A gnoll shaman (D:3)
  2 orc wizards
  3 gnolls (D:3)
  3 adders
  An ooze (D:1)
  2 dart slugs (D:3)
  5 leopard geckos
  3 orcs
  3 ball pythons
  9 giant cockroaches
  12 goblins
  9 hobgoblins
  6 jackals
  2 quokkas
  3 bats
  10 frilled lizards
  5 kobolds
  8 rats
87 creatures vanquished.

Notes
Turn   | Place    | Note
-------+----------+-------------------------------------------
     0 | D:1      | Borgoz the Gargoyle Fighter began the quest for the Orb.
     0 | D:1      | Reached XP level 1. HP: 14/14 MP: 1/1
    76 | D:1      | Reached XP level 2. HP: 4/19 MP: 2/2
   445 | D:1      | Reached XP level 3. HP: 22/24 MP: 3/3
  1225 | D:2      | Reached XP level 4. HP: 24/29 MP: 4/4
  1965 | D:3      | Found a shattered altar of Ashenzari.
  2042 | D:3      | Reached skill level 1 in Dodging
  2261 | D:3      | Reached XP level 5. HP: 4/34 MP: 5/5
  2263 | D:3      | HP: 1/34 [orc/flail (4)]
  2300 | D:3      | HP: 1/34 [kobold (2)]
  2618 | D:3      | Found a glowing golden altar of the Shining One.
  3290 | D:4      | Noticed an orc warrior
  3292 | D:4      | Reached XP level 6. HP: 13/39 MP: 6/6
  3297 | D:4      | Slain by an orc warrior

Vault maps used:
D:1:      mainiacjoe_arrival_reflecting_pool, minmay_lizard_king
D:3:      lemuel_doored_altar, nicolae_tso_swordbearing_angel, first_ration
D:4:      nicolae_overflow_hidden_temple

Skill      XL: |  1  2  3  4  5 |
---------------+----------------+-----
Fighting       | 4 |  4.7
Maces & Flails | 3 |  3.7
Dodging        | 1 |  1.5
Shields        | 4 |  4.1
Armour         | |  3.9

Action                   |  1- 3 |  4- 6 || total
-------------------------+-------+-------++-------
Melee: Flail             |   159 |   180 ||   339
  Use: Scroll            |     1 |       ||     1
       Potion            |       |     1 ||     1
  Eat: Chunk             |     1 |     7 ||     8
Armor: Scale mail        |   109 |   108 ||   217
Dodge: Dodged            |    58 |    79 ||   137
Block: Shield            |   122 |    91 ||   213

Table legend:
 A = Spawn XP
 B = Non-spawn XP
 C = Spawn XP percentage of total XP
 D = Spawn monster count
 E = Non-spawn monster count
 F = Spawn count percentage of total count
 G = Total turns spent on level
                    A         B        C        D         E        F      G
               +---------+---------+-------+---------+---------+-------+---------
         Total |       0 |     354 |   0.0 |       0 |      87 |   0.0 |  3297
               +---------+---------+-------+---------+---------+-------+---------
           D:1 |       0 |      56 |   0.0 |       0 |      31 |   0.0 |   949
           D:2 |       0 |      56 |   0.0 |       0 |      25 |   0.0 |   978
           D:3 |       0 |     186 |   0.0 |       0 |      28 |   0.0 |  1313
           D:4 |       0 |      56 |   0.0 |       0 |       3 |   0.0 |    57
               +---------+---------+-------+---------+---------+-------+---------
